 Dungeon Sprint DCSS version 0.31-a0-632-g766dd24fdf (webtiles) character file.

Game seed: 10314523844017766153

4833 sircluck the Grappler (level 10, -9/117 HPs)
             Began as a Troll Berserker on Aug 25, 2023.
             Was a High Priest of Trog.
             Succumbed to something's dark miasma
             ... in the Dungeon (Sprint II: "The Violet Keep of Menkaure").
             The game lasted 00:03:51 (517 turns).

sircluck the Grappler (Troll Berserker)              Turns: 517, Time: 00:03:52

Health: -9/117     AC: 10    Str: 31    XL:     10   Next: 25%
Magic:  9/9        EV: 11    Int:  3    God:    Trog [*****.]
Gold:   1226       SH:  0    Dex:  9    Spells: 9/9 levels left

rFire   + +          .
                       - Unarmed
rCold   x . .        (no shield)
rNeg    . . .        h - +0 fire dragon scales
rPois   .            (helmet restricted)
rElec   .            (no cloak)
rCorr   .            (gloves unavailable)
SInv    .            (boots unavailable)
Will    .....        (no amulet) Stlth
                     (no ring)
HPRegen 1.19/turn    (no ring)
MPRegen 0.11/turn

%: no teleportation
@: lethally poisoned (-9 -> -43)
A: large, unfitting armour, claws 3, regeneration 1, shaggy fur 1, tough skin 1
a: Renounce Religion, Berserk, Trog's Hand, Brothers in Arms


You were in the Dungeon.
You worshipped Trog.
Trog was extremely pleased with you.
You visited 1 branch You collected 1308 gold pieces.
You spent 82 gold pieces at shops.

Inventory:

Armour
 a - a +0 animal skin
 h - +0 fire dragon scales (worn)
Scrolls
 g - a scroll of blinking
 i - a scroll of identify {unknown}
 j - a scroll of poison {unknown}
Potions
 b - a potion of curing
 c - a potion of heal wounds
 d - a potion of haste
 e - 2 potions of magic
 f - a potion of berserk rage


   Skills:
 + Level 12.4 Fighting
 + Level 12.2 Dodging
 + Level 14.4 Unarmed Combat


You had 9 spell levels left.
You didn't know any spells.
Your spell library was empty.

Dungeon Overview and Level Annotations

Branches:
Dungeon (1/1)

Altars:
Cheibriados
Dithmenos
Elyvilon
Hepliaklqana
Kikubaaqudgha
Makhleb
Qazlal
Ru
Sif Muna
Trog
Uskayaw
Vehumet
Wu Jian
Xom
Yredelemnul
Zin
The Shining One
Jiyva
Lugonu

Shops:
D [:!!?[!=::==(![

Annotations:
D exclusions: obsidian statue, oklob plant and orange crystal statue, Roxanne


Innate Abilities, Weirdness & Mutations

You are too large for most types of armour.
You have claws for hands.
Your natural rate of healing is unusually fast.
You are covered in fur. (AC +1)
You have tough skin. (AC +1)


Message History

You are too injured to fight recklessly!
You are too injured to fight recklessly!
You are too injured to fight recklessly!
You see here a polar bear corpse.
A swamp drake comes into view.
The swamp drake roars!
You hear a roar!
A crystal guardian comes into view.
You hear an angry hiss.
A swamp drake comes into view.
The swamp drake roars!
You hear an angry hiss.
Menkaure barely misses you.
The swamp drake moves out of view.
You hear an angry hiss.
A death drake comes into view.
You see here a fire dragon corpse.
A death drake comes into view.
Menkaure calls on the powers of darkness!
Your body is wracked with pain!
* * * LOW HITPOINT WARNING * * *
The swamp drake convulses!
The death drake convulses!
The death drake moves out of view.
There is an open door, spattered with blood here.
Menkaure attacks as he pursues you! Menkaure hits you!
* * * LOW HITPOINT WARNING * * *
You scratch Menkaure.
Menkaure is heavily damaged.
You mangle Menkaure!!
You destroy Menkaure!
Trog accepts your kill.
Trog appreciates your killing of a magic user.
Trog grants you a weapon! Something appears at your feet!
You see here a +2 quarterstaff of flaming.
The death drake breathes miasma at you. The foul vapour engulfs you!
You are poisoned.
* * * LOW HITPOINT WARNING * * *
You close the door.
You are engulfed in dark miasma.
You are more poisoned.
* * * LOW HITPOINT WARNING * * *
You die...

#≈§§§≈§○≈≈##§...###,*,,,*********
##~§≈≈≈§~*#e§.....#**,,,*~~~~~~~~
~#+++#+++#####..^.#k*#,,*********
~.........#..'....#,k#,,*,,,,,,,,
~~.##'##..#..####.#,.#,,*,,,,,,,,
~~##.#.##.####..'.##.#,,*,,,,,,,,
~~#..#..#....#.)#†.9####*,,,,,,,,
####÷÷÷####..#####k.##.#*,,,,,,,,
#.###÷###.##..#○@+k.#..#*,,,,,,,,
...##.##†.##..#○○#..#..#*,,,,,,,,
###'.<.'##.'..####..##)#*,,,,,,,,
...##.##..##....###...##▓▓*****+*
#.###'###.##......~~~~~~~~~~~~~,,
####...####~~.....~#'########'***
~~#..#).#~~§~~~~..~#._._._..#~~~*
#~##...##~~~~~~~~.~#.._._._.#~~~~
#~~##'##÷~~§§≈§~~~~#._._._._#~~~~


There were no monsters in sight!

Vanquished Creatures
  2 boulder beetles (D)
  A merfolk siren (D)
  3 polar bears (D)
  3 slime creatures (D)
  Menkaure (D)
  2 water moccasins (D)
  4 necrophages (D)
  5 scorpions (D)
21 creatures vanquished.

Vanquished Creatures (collateral kills)
  A fire dragon (D)
  A yaktaur (D)
  2 polar bears (D)
  A hornet (D)
5 creatures vanquished.

Grand Total: 26 creatures vanquished

Notes
Turn   | Place    | Note
-------+----------+-------------------------------------------
     0 | D        | sircluck the Troll Berserker began the quest for the Orb.
     0 | D        | Reached XP level 1. HP: 22/22 MP: 0/0
     1 | D        | Noticed a necrophage
     1 | D        | Noticed a necrophage
     1 | D        | Noticed a necrophage
     1 | D        | Noticed a necrophage
     6 | D        | Killed a necrophage
     7 | D        | Reached skill level 5 in Unarmed Combat
     7 | D        | Reached XP level 2. HP: 33/33 MP: 1/1
     7 | D        | Reached XP level 3. HP: 40/40 MP: 2/2
    14 | D        | Killed a necrophage
    15 | D        | Reached skill level 5 in Fighting
    15 | D        | Reached skill level 5 in Dodging
    15 | D        | Reached skill level 6 in Unarmed Combat
    15 | D        | Reached XP level 4. HP: 39/50 MP: 3/3
    16 | D        | Killed a necrophage
    16 | D        | Reached ** piety under Trog
    17 | D        | Reached skill level 7 in Unarmed Combat
    17 | D        | Reached XP level 5. HP: 45/59 MP: 4/4
    25 | D        | Noticed an obsidian statue
    27 | D        | Noticed a water moccasin
    30 | D        | Killed a water moccasin
    31 | D        | Reached skill level 8 in Unarmed Combat
    31 | D        | Reached XP level 6. HP: 24/71 MP: 5/5
    39 | D        | Found Voleumot's Distillery.
    39 | D        | Found Keceecw's Antique Armour Shop.
    40 | D        | Found Dopuank's Jewellery Shop.
    40 | D        | Found Dogeduc's Jewellery Boutique.
    40 | D        | Found Vuwaaf's Antique Weapon Shop.
    43 | D        | Found Xiwka's Distillery.
    43 | D        | Found Zaps's Jewellery Shop.
    43 | D        | Found Forexa's Book Boutique.
    43 | D        | Found Niutyif's Book Shop.
    46 | D        | Found Qiucrass's Antique Armour Boutique.
    46 | D        | Found Rilut's Magic Scroll Shop.
    46 | D        | Noticed a wyvern
    46 | D        | Noticed a wyvern
    60 | D        | Noticed a water moccasin
    64 | D        | Killed a water moccasin
    64 | D        | Reached *** piety under Trog
   101 | D        | Found Erim's Distillery.
   101 | D        | Found Zucruole's Distillery.
   101 | D        | Noticed an oklob plant
   102 | D        | Found Inosut's Antique Armour Boutique.
   102 | D        | Found Pen Gal's Book Shoppe.
   105 | D        | Noticed an iron elemental
   116 | D        | Bought a scroll of revelation for 82 gold pieces
   133 | D        | Noticed a boulder beetle
   133 | D        | Noticed a boulder beetle
   150 | D        | Killed a boulder beetle
   151 | D        | Reached skill level 10 in Unarmed Combat
   151 | D        | Reached XP level 7. HP: 37/83 MP: 6/6
   196 | D        | Killed a boulder beetle
   197 | D        | Reached skill level 11 in Unarmed Combat
   197 | D        | Reached XP level 8. HP: 67/93 MP: 7/7
   228 | D        | Noticed a merfolk siren
   237 | D        | Killed a merfolk siren
   237 | D        | Reached **** piety under Trog
   238 | D        | Reached skill level 10 in Fighting
   238 | D        | Reached skill level 10 in Dodging
   238 | D        | Reached skill level 12 in Unarmed Combat
   248 | D        | Reached XP level 9. HP: 61/102 MP: 8/8
   308 | D        | Noticed Roxanne
   308 | D        | Noticed an orange crystal statue
   348 | D        | Found a glowing silver altar of Zin.
   349 | D        | Found a glowing golden altar of the Shining One.
   349 | D        | Found a basalt altar of Yredelemnul.
   349 | D        | Found a hide-covered altar of Uskayaw.
   350 | D        | Found a shimmering altar of Xom.
   350 | D        | Found a bloodstained altar of Trog.
   350 | D        | Found a radiant altar of Vehumet.
   350 | D        | Found a burning altar of Makhleb.
   351 | D        | Found an ornate altar of the Wu Jian Council.
   351 | D        | Found a shimmering blue altar of Sif Muna.
   351 | D        | Found a corrupted altar of Lugonu.
   362 | D        | Found a sacrificial altar of Ru.
   362 | D        | Found an ancient bone altar of Kikubaaqudgha.
   362 | D        | Found a white marble altar of Elyvilon.
   363 | D        | Found a stormy altar of Qazlal.
   363 | D        | Found a viscous altar of Jiyva.
   363 | D        | Found a shadowy altar of Dithmenos.
   364 | D        | Found a hazy altar of Hepliaklqana.
   364 | D        | Found a snail-covered altar of Cheibriados.
   367 | D        | Noticed a yaktaur
   367 | D        | Noticed a polar bear
   367 | D        | Noticed a polar bear
   369 | D        | Killed a polar bear
   371 | D        | Killed a polar bear
   372 | D        | Killed a yaktaur
   373 | D        | Reached skill level 13 in Unarmed Combat
   379 | D        | Noticed a polar bear
   381 | D        | Killed a polar bear
   397 | D        | Noticed a fire dragon
   398 | D        | Killed a fire dragon
   398 | D        | Reached ***** piety under Trog
   399 | D        | Reached XP level 10. HP: 113/115 MP: 9/9
   437 | D        | Reached skill level 14 in Unarmed Combat
   444 | D        | Noticed a deep elf master archer
   507 | D        | Noticed Menkaure
   511 | D        | Noticed a crystal guardian
   513 | D        | Noticed a death drake
   513 | D        | Noticed a death drake
   516 | D        | Killed Menkaure
   516 | D        | Received a gift from Trog
   517 | D        | HP: 1/117 [something] (9)]
   517 | D        | Succumbed to something's dark miasma

Illustrated notes

Levels and vault maps discovered:
D:        the_violet_keep_of_menkaure [sprint2_stairs_cluster_1,
          sprint2_shoproom, sprint2_temple, sprint2_basic_supplies,
          sprint2_obstacle_4, sprint2_obstacle_1, sprint2_obstacle_3,
          sprint2_obstacle_6, sprint2_obstacle_5, sprint2_timed_cluster_1,
          sprint2_smallroom_cluster_1, sprint2_smallroom_final_cluster_1,
          sprint2_transparent_cluster_1, sprint2_second_timed_cluster_1,
          sprint2_sniper_area_1, sprint2_heavy_combat_area_1,
          sprint2_mutation_trap_area_1, sprint2_forest_area_1,
          sprint2_light_combat_area_1, sprint2_behind_water_1,
          sprint2_near_end_vault_1]

Skill      XL: |  1  2  3  4  5  6  7  8  9 10 |
---------------+-------------------------------+-----
Fighting       | 4 5 6 7 9 10 11 12 | 12.4
Dodging        | 4 5 7 8 9 10 11 12 | 12.2
Unarmed Combat | 5 6 7 8 10 11 12 13 14 | 14.4

Action                     |  1- 3 |  4- 6 |  7- 9 | 10-12 || total
---------------------------+-------+-------+-------+-------++-------
  Melee: Unarmed           |    10 |    25 |    29 |    20 ||    84
         Punch             |       |     2 |     3 |     3 ||     8
 Invoke: Berserk           |     1 |     1 |       |       ||     2
         Brothers in Arms  |       |       |     1 |       ||     1
    Use: Scroll            |       |       |     1 |       ||     1
 Armour: Animal skin       |     3 |     1 |     4 |       ||     8
         Fire dragon scale |       |       |       |     8 ||     8
  Dodge: Dodged            |     7 |     6 |    12 |    13 ||    38

Table legend: (Time is in decaauts)
 A = Elapsed time spent in this place.
 B = Non-inter-level travel time spent in this place.
 C = Inter-level travel time spent in this place.
 D = Time resting spent in this place.
 E = Time spent auto-exploring this place.
 F = Levels seen in this place.
 G = Mean time per level.
                   A        B        C        D        E       F      G
               +--------+--------+--------+--------+--------+-----+--------+
         Total |    517 |    472 |     45 |    118 |     60 |   1 |  517.0 |
       Dungeon |    517 |    472 |     45 |    118 |     60 |   1 |  517.0 |
               +--------+--------+--------+--------+--------+-----+--------+

Top non-repeatable levels by time:
       D: 517 daAuts
